AoeStats
← Oodnadatta

Fortress

510260646Analyzed
2v2 RM · 3d ago on Sep 30, 2026· 27m 2s· 4 players
Game mode
Random Map
Map size
Normal (6 player)
Population
200
Speed
Normal
Resources
Standard
Victory
Conquest
Starting age
Dark Age
Ending age
Imperial Age
RankedLock teamsTeams togetherTeam positionsShared explorationLock speedFull tech treeHidden civsTurbo modeCheats
Victory
Defeat
🇨🇴 Jurchens · Colombia
854
+18
🇪🇸 Britons · Spain
806
+20
🇦🇺 Romans · Australia
919
-56
🇦🇺 Romans · Australia
883
-48
ARESGMGG99
7:39 Feudal Age
13:19 Castle Age
12:04 Loom
victorDrez75
8:13 Feudal Age
13:38 Castle Age
11:28 Loom
11:32 Double-Bit Axe
12:07 Stone Mining
20:57 Padded Archer Armor
20:47 Fletching
21:55 Yeomen
25:15 Ballistics
25:17 Leather Archer Armor
24:58 Bodkin Arrow
king bumpzzy
1:03 Loom
7:58 Feudal Age
8:35 Horse Collar
8:46 Double-Bit Axe
12:32 Wheelbarrow
11:43 Town Watch
12:32 Gold Mining
12:33 Stone Mining
18:30 Castle Age
19:23 Man-at-Arms
20:59 Heavy Plow
21:10 Scale Mail Armor
23:16 Long Swordsman
Oodnadatta
12:05 Feudal Age
13:45 Wheelbarrow
13:18 Gold Mining
13:32 Double-Bit Axe
14:40 Town Watch
14:44 Man-at-Arms
25:35 Castle Age
Connection lost

Rejoining the realm…

Still unreachable

The connection could not be restored.

Session expired

The server has moved on; the page needs a fresh start.